 Dungeon Crawl Stone Soup version 0.26.1-2-gb8aa6d0cf2 (webtiles) character file.

Game seed: 11486895266206438104

1442 ubername the Slinger (level 9, -7/58 HPs)
             Began as a Halfling Hunter on Feb 5, 2021.
             Mangled by an orc warrior
             ... wielding a +0 long sword
              (14 damage)
             ... on level 6 of the Dungeon on Feb 12, 2021.
             The game lasted 00:15:56 (7180 turns).

ubername the Slinger (Halfling Hunter)              Turns: 7180, Time: 00:15:57

Health: -7/58      AC:  5    Str: 17    XL:     9   Next: 4%
Magic:  9/9        EV: 17    Int:  9    God:
Gold:   358        SH:  0    Dex: 18    Spells: 8/8 levels left

rFire    . . .     SeeInvis .   y - +5 short sword "Byde" {vorpal, +Inv}
rCold    + . .     Faith    .   (shield restricted)
rNeg     . . .     Spirit   .   s - +1 robe of Fackuzxu {rC+ Str+4 Stlth-}
rPois    .         Reflect  .   (no helmet)
rElec    .         Harm     .   n - +0 cloak
rCorr    .         Rampage  .   i - +0 pair of gloves
Will     .....                  (no boots)
Stlth    ++........             (no amulet)
HPRegen  0.19/turn              (no ring)
MPRegen  0.11/turn              (no ring)

@: no status effects
A: small, mutation resistance 1
a: Evoke Invisibility


You were on level 6 of the Dungeon.
You visited 2 branches of the dungeon, and saw 7 of its levels.

You collected 358 gold pieces.

Inventory:

Hand Weapons
 a - a +2 hunting sling
 b - a +3 quarterstaff of chaos
 m - a +0 short sword
 y - the +5 short sword "Byde" (weapon) {vorpal, +Inv}
   (You found it on level 5 of the Dungeon)

   It inflicts extra damage upon your enemies.
   It lets you turn invisible.
Missiles
 d - 52 sling bullets
 e - 4 curare-tipped darts (quivered)
 h - 242 stones
 q - 36 poisoned darts
Armour
 i - a +0 pair of gloves (worn)
 l - a +0 ring mail
 n - a +0 cloak (worn)
 s - the +1 robe of Fackuzxu (worn) {rC+ Str+4 Stlth-}
   (You found it on level 4 of the Dungeon)

   It affects your strength (+4).
   It protects you from cold.
   It makes you less stealthy.
Jewellery
 t - an uncursed ring of wizardry
 A - an uncursed ring of willpower {unknown}
Wands
 z - a wand of iceblast (10)
Scrolls
 c - a scroll of random uselessness {unknown}
 k - 2 scrolls of identify
 o - 5 scrolls of teleportation
 u - a scroll of remove curse
 w - a scroll of fear {unknown}
 B - a scroll of amnesia {unknown}
Potions
 f - a potion of brilliance {unknown}
 g - 3 potions of lignification {unknown}
 j - 3 potions of heal wounds {unknown}
 p - 2 potions of flight {unknown}
 r - 4 potions of curing {unknown}
 v - a potion of ambrosia {unknown}
 x - a potion of cancellation {unknown}


   Skills:
 + Level 4.2 Fighting
 + Level 2.5 Short Blades
 + Level 4.1 Staves
 + Level 9.6 Slings
 + Level 3.2 Armour
 + Level 4.4 Dodging
 + Level 3.1 Stealth


You had 8 spell levels left.
You didn't know any spells.
Your spell library was empty.

Dungeon Overview and Level Annotations

Branches:
Dungeon (6/15)             Temple (1/1) D:4

Altars:
Ashenzari
Cheibriados
Dithmenos
Elyvilon
Fedhas
Gozag
Hepliaklqana
Kikubaaqudgha
Makhleb
Nemelex Xobeh
Okawaru
Qazlal
Sif Muna
Trog
Uskayaw
Vehumet
Wu Jian
Xom
Zin
The Shining One
Lugonu


Innate Abilities, Weirdness & Mutations

You are small and have problems with some larger weapons.
You are somewhat resistant to further mutation.


Message History

The orc warrior hits you with a +0 long sword!
You hit the orc warrior.
The orc warrior is moderately wounded.
The orc warrior barely misses you.
You puncture the orc warrior!
The orc warrior is heavily wounded.
The orc warrior hits you with a +0 long sword!
You hit the orc warrior but do no damage.
The orc warrior is heavily wounded.
You hit the orc warrior.
The orc warrior is severely wounded.
The orc warrior hits you with a +0 long sword.
You barely miss the orc warrior.
The orc warrior is severely wounded.
The orc warrior hits you with a +0 long sword!
* * * LOW HITPOINT WARNING * * *
You hit the orc warrior but do no damage.
The orc warrior is severely wounded.
The orc warrior hits you with a +0 long sword!
You die...

########## #.@oo.....
#######)#############
......††............##
########.#....######.####
.........#.#..)....
###.#.....#......#.#
#..#.....#...#..#†#
#....###...........
#..#.. ..#.....#..#


You could see an orc warrior and an orc.

Vanquished Creatures
  Sigmund (D:3)
  2 ice beasts
  An ogre (D:5)
  A phantom (D:4)
  A centaur (D:5)
  A howler monkey (D:5)
  A crimson imp (D:2)
  A hound (D:4)
  A jelly (D:5)
  4 orc priests
  A centaur skeleton (D:5)
  3 orc wizards
  Crazy Yiuf (D:2)
  2 iguanas
  Natasha (D:3)
  3 worker ants
  A hound skeleton (D:5)
  10 gnolls
  2 shadow imps (D:5)
  4 white imps
  2 adder zombies
  An adder skeleton (D:5)
  5 worms
  4 dart slugs
  3 leopard geckos
  15 orcs
  10 bats
  3 giant cockroaches (D:1)
  5 goblins
  13 hobgoblins
  9 jackals
  5 quokkas
  A ball python (D:2)
  5 frilled lizards
  12 kobolds
  A leopard gecko zombie (D:5)
  14 rats
150 creatures vanquished.

Vanquished Creatures (others)
  A fungus (D:2)
  A plant (D:5)
2 creatures vanquished.

Grand Total: 152 creatures vanquished

Notes
Turn   | Place    | Note
-------+----------+-------------------------------------------
     0 | D:1      | ubername the Halfling Hunter began the quest for the Orb.
     0 | D:1      | Reached XP level 1. HP: 14/14 MP: 1/1
    39 | D:1      | Reached skill level 6 in Slings
    65 | D:1      | Reached XP level 2. HP: 18/19 MP: 2/2
   314 | D:1      | Reached XP level 3. HP: 24/24 MP: 3/3
   842 | D:1      | Reached skill level 7 in Slings
  1308 | D:2      | Reached XP level 4. HP: 29/29 MP: 4/4
  2003 | D:3      | Noticed Sigmund
  2013 | D:3      | Killed Sigmund
  2014 | D:3      | Reached skill level 1 in Short Blades
  2014 | D:3      | Reached skill level 8 in Slings
  2014 | D:3      | Reached skill level 1 in Armour
  2014 | D:3      | Reached XP level 5. HP: 35/35 MP: 5/5
  2014 | D:3      | Reached XP level 6. HP: 41/41 MP: 6/6
  2489 | D:3      | Found a blossoming altar of Fedhas.
  2489 | D:3      | Found an ancient bone altar of Kikubaaqudgha.
  2772 | D:3      | Noticed Natasha
  2780 | D:3      | Killed Natasha
  3349 | D:2      | Found a burning altar of Makhleb.
  3357 | D:2      | Reached skill level 9 in Slings
  3357 | D:2      | Reached XP level 7. HP: 46/46 MP: 7/7
  3648 | D:2      | Found a runed translucent door.
  3649 | D:2      | Noticed Crazy Yiuf
  3662 | D:2      | Killed Crazy Yiuf
  4342 | D:4      | Upgraded the game from 0.26.1 to 0.26.1-2-gb8aa6d0cf2
  4896 | D:4      | Reached skill level 1 in Staves
  5109 | D:4      | Got an ancient robe
  5120 | D:4      | Identified the +1 robe of Fackuzxu {rC+ Str+4 Stlth-} (You
                  | found it on level 4 of the Dungeon)
  5162 | D:4      | Found a radiant altar of Vehumet.
  5162 | D:4      | Found an ornate altar of the Wu Jian Council.
  5162 | D:4      | Found a shimmering altar of Xom.
  5315 | D:4      | Found an iron altar of Okawaru.
  5373 | D:4      | Found a hazy altar of Hepliaklqana.
  5374 | D:4      | Found a shadowy altar of Dithmenos.
  5374 | D:4      | Noticed a shadow
  5445 | D:4      | Found a staircase to the Ecumenical Temple.
  5454 | D:4      | Reached XP level 8. HP: 45/52 MP: 8/8
  5507 | Temple   | Entered the Ecumenical Temple
  5648 | D:5      | Entered Level 5 of the Dungeon
  6065 | D:5      | Found a sparkling altar of Nemelex Xobeh.
  6114 | D:5      | Found a broken altar of Ashenzari.
  6551 | D:5      | Got a transparent short sword
  6552 | D:5      | Identified the +5 short sword "Byde" {vorpal, +Inv} (You
                  | found it on level 5 of the Dungeon)
  7079 | D:6      | Reached XP level 9. HP: 53/58 MP: 9/9
  7180 | D:6      | Mangled by an orc warrior

Illustrated notes

Levels and vault maps discovered:
D:1:      amcnicky_arrival_double_pillar, layout_loops_corners,
          minmay_misc_feat_rows
D:2:      layout_basic, makhleb_grotto_becter, uniq_crazy_yiuf_cottage
D:3:      layout_loops_corners, grunt_temple_overflow_growth_and_decay,
          chequers_garden, serial_bayou_pond_b, uniq_sigmund, uniq_natasha
D:4:      layout_loops_ring, grunt_temple_overflow_cloverleaf,
          riverfiend_overflow_shadow_ancestor, minmay_temple_entry_proselytizer
D:5:      layout_loops_ring, nemelex_xobeh_ov_fountains_minmay,
          kennysheep_mini_moat, serial_bayou_pond_b, serial_park_tiny_pond,
          minmay_increasing_density
D:6:      layout_basic, gammafunk_ghost_nasty_kobolds, minmay_misc_feat_five,
          minmay_misc_feat_nine_boxes
Temple:   corrupted_temple

Skill      XL: |  1  2  3  4  5  6  7  8 |
---------------+-------------------------+-----
Slings         | 6 7 8 9 |  9.6
Fighting       | 2 3 4 |  4.2
Short Blades   | 1 2 |  2.5
Armour         | 1 2 3 |  3.2
Dodging        | 3 4 |  4.4
Staves         | 1 4 |  4.1
Stealth        | 2 3 |  3.1

Action                   |  1- 3 |  4- 6 |  7- 9 || total
-------------------------+-------+-------+-------++-------
Melee: Short sword       |    20 |    87 |    76 ||   183
       Quarterstaff      |       |       |   136 ||   136
       Hunting sling     |       |       |     1 ||     1
 Fire: Hunting sling     |    66 |    96 |    33 ||   195
  Use: Scroll            |     2 |     3 |     1 ||     6
 Stab: Paralysed         |       |       |     2 ||     2
       Sleeping          |       |       |     4 ||     4
Armor: Leather armour    |     1 |       |       ||     1
       Ring mail         |     9 |    51 |    14 ||    74
       Robe              |       |       |    23 ||    23
Dodge: Dodged            |    16 |   112 |   154 ||   282
